 Dungeon Crawl Stone Soup version 0.26-a0-812-g31a745ddcd (webtiles) character file.

Game seed: 15428624305752002617

556 Toela the Changer (level 7, -5/45 HPs)
             Began as an Octopode Transmuter on Nov 20, 2020.
             Was an Initiate of Gozag.
             Slain by a centaur
             ... wielding a +0 trident
              (11 damage)
             ... on level 5 of the Dungeon.
             The game lasted 01:20:44 (8014 turns).

Toela the Changer (Octopode Transmuter)             Turns: 8014, Time: 01:20:45

Health: -5/45      AC:  1    Str:  9    XL:     7   Next: 30%
Magic:  12/12      EV: 14    Int: 24    God:    Gozag
Gold:   111        SH:  4    Dex: 12    Spells: 6/13 levels left

rFire    . . .     SeeInvis .   b - +3 dagger (venom)
rCold    . . .     Faith    .   d - +0 buckler
rNeg     . . .     Spirit   .   (helmet currently unavailable)
rPois    .         Reflect  .   (no amulet)
rElec    .         Harm     .   m - +6 ring of intelligence
rCorr    .         Rampage  .   (no ring)
MR       .....                  (no ring)
Stlth    ++........             (no ring)
HPRegen  0.15/turn              (no ring)
MPRegen  0.13/turn              (no ring)
                                (no ring)
                                (no ring)

@: appendages
A: almost no armour, stealthy swim, amphibious, 8 rings, constrict 8, tentacle
spike 3, camouflage 1, gelatinous body 1
a: End Transformation, Potion Petition, Call Merchant, Bribe Branch, Renounce
Religion


You were on level 5 of the Dungeon.
You worshipped Gozag.
Gozag was aware of your devotion.
One of your tentacles had a temporary spike.
You visited 2 branches of the dungeon, and saw 6 of its levels.

You collected 381 gold pieces.
You spent 200 gold pieces at shops.
You paid 70 gold pieces to Gozag.

Inventory:

Hand Weapons
 b - a +3 dagger of venom (weapon)
 u - a +2 vampiric whip
 v - a +2 flail of protection
Missiles
 c - 131 stones
 f - 8 boomerangs
 h - 30 poisoned darts (quivered)
 p - 42 arrows
 q - 2 boomerangs of dispersal
Armour
 d - a +0 buckler (worn)
 t - a cursed +1 kite shield
Jewellery
 m - a +6 ring of intelligence (left tentacle)
Scrolls
 i - 6 scrolls of identify
 j - 2 scrolls of remove curse
 k - a scroll of enchant weapon
 l - a scroll of teleportation
 n - a scroll of magic mapping {unknown}
 o - a scroll of fog
 s - a scroll of fear
 w - 2 scrolls of immolation {unknown}
Potions
 a - a potion of invisibility {unknown}
 e - 5 potions of curing
 g - 2 potions of haste {unknown}
 r - 5 potions of flight {unknown}


   Skills:
 + Level 2.7 Fighting
 + Level 3.2 Dodging
 + Level 2.5 Shields
 + Level 4.0 Unarmed Combat
 + Level 3.9 Spellcasting
 - Level 4.0 Transmutations


You had 6 spell levels left.
You knew the following spells:

 Your Spells              Type           Power        Failure   Level
a - Beastly Appendage     Tmut           ###...       2%          1
b - Spider Form           Tmut/Pois      ##........   16%         3
c - Blink                 Tloc           N/A          19%         2
d - Magic Dart            Conj           #...         12%         1

Your spell library contained the following spells:

 Spells                   Type           Power        Failure   Level
 Wereblood                Tmut           ###.....     3%          2
 Call Imp                 Summ           #.......     19%         2
 Slow                     Hex            #.......     19%         2
 Conjure Flame            Conj/Fire      #.......     34%         3
 Mephitic Cloud           Conj/Pois/Air  #.......     34%         3
 Ice Form                 Ice/Tmut       ##......     45%         4
 Blade Hands              Tmut           ###.......   54%         5


Dungeon Overview and Level Annotations

Branches:
Dungeon (5/15)             Temple (1/1) D:4

Altars:
Cheibriados
Dithmenos
Elyvilon
Gozag
Makhleb
Nemelex Xobeh
Qazlal
Trog
Uskayaw
Xom
Yredelemnul
Zin
Lugonu

Shops:
D:4 :


Innate Abilities, Weirdness & Mutations

You cannot wear most types of armour.
You are very stealthy in the water. (Stealth+)
You are amphibious.
You can wear up to eight rings at the same time.
You can use your tentacles to constrict eight enemies at once.
Your skin changes colour to match your surroundings (Stealth+).
Your rubbery body absorbs attacks. (AC +1, EV +1)
One of your tentacles bears a large vicious spike.


Message History

The centaur is lightly wounded.
The centaur hits you with a +0 trident!
You hit the centaur.
The centaur looks as sick as possible!
The centaur is moderately wounded.
The centaur hits you with a +0 trident. You block the centaur's attack.
You hit the centaur but do no damage. You squeeze the centaur.
The centaur is severely wounded.
The centaur closely misses you.
You barely miss the centaur.
Your tentacle spike misses the centaur.
Your squeeze misses the centaur.
The centaur is severely wounded.
The centaur hits you with a +0 trident!
You are too injured to fight recklessly!
You are too injured to fight recklessly!
You block the centaur's attack.
The centaur hits you from afar with a +0 trident!
* * * LOW HITPOINT WARNING * * *
The centaur hits you with a +0 trident!
You die...
Your body crumbles into a pile of gold.

#....# ...## #....#
....##### #....#
#........ ##....#
#...:....
#.....###....$...
##.......(.......
#........(##.....
#...c(.((.# ...
####...@###### . $
#............##.......
#............##......#
#............##......###
##........#####.........
#........# #.........
#........#######.Z.....
#........#.............
#........#.............


You could see a centaur (resistant, very poisoned).

Vanquished Creatures
  Edmund (D:3)
  A centaur (D:5)
  A hound (D:4)
  An orc wizard (D:5)
  An orc priest (D:3)
  A worker ant (D:4)
  An iguana (D:4)
  5 adders
  4 gnolls (D:2)
  A river rat (D:4)
  2 white imps
  An ooze (D:3)
  A worm (D:4)
  A dart slug (D:1)
  2 leopard geckos
  12 orcs
  6 bats
  9 giant cockroaches
  8 goblins
  15 hobgoblins
  4 jackals (D:1)
  3 kobolds
  5 quokkas
  4 frilled lizards
  8 rats
98 creatures vanquished.

Notes
Turn   | Place    | Note
-------+----------+-------------------------------------------
     0 | D:1      | Toela the Octopode Transmuter began the quest for the Orb.
     0 | D:1      | Reached XP level 1. HP: 13/13 MP: 3/3
   383 | D:1      | Reached XP level 2. HP: 18/18 MP: 3/5
   943 | D:1      | Reached XP level 3. HP: 17/23 MP: 6/6
  2610 | D:2      | Found a faded altar of an unknown god.
  2742 | D:2      | Reached XP level 4. HP: 15/28 MP: 5/7
  3684 | D:2      | Reached skill level 1 in Shields
  3739 | D:2      | Learned a level 3 spell: Spider Form
  4321 | D:3      | Found a snail-covered altar of Cheibriados.
  4336 | D:3      | Reached XP level 5. HP: 34/34 MP: 9/9
  4483 | D:3      | Found a shadowy altar of Dithmenos.
  5669 | D:4      | Reached XP level 6. HP: 35/39 MP: 8/10
  5758 | D:4      | Found a staircase to the Ecumenical Temple.
  5798 | Temple   | Entered the Ecumenical Temple
  5837 | Temple   | Became a worshipper of Gozag Ym Sagoz the Greedy
  5880 | D:4      | Found Niwku's Book Boutique.
  5881 | D:4      | Noticed Edmund
  5929 | D:3      | Killed Edmund
  6492 | D:4      | Found a burning altar of Makhleb.
  6711 | D:4      | Found a hide-covered altar of Uskayaw.
  7009 | D:4      | Bought a book of Minor Magic for 200 gold pieces
  7012 | D:4      | Learned a level 2 spell: Blink
  7019 | D:4      | Learned a level 1 spell: Magic Dart
  7068 | D:5      | Entered Level 5 of the Dungeon
  7079 | D:5      | Reached XP level 7. HP: 28/45 MP: 10/12
  7647 | D:5      | Found a shimmering altar of Xom.
  8014 | D:5      | Slain by a centaur

Illustrated notes

Levels and vault maps discovered:
D:1:      dpeg_arrival_rhombus, layout_basic, kennysheep_minor_cross
D:2:      layout_basic, chequers_ecumenical_altar_simple
D:3:      layout_loops_cross, nicolae_overflow_hidden_temple,
          lemuel_crystal_altar, grunt_dithmenos_smoke, serial_rivers,
          chequers_serial_rivers_micro_a, chequers_serial_rivers_small_a,
          chequers_serial_rivers_small_b, chequers_serial_rivers_small_3,
          minivault_23, minivault_24
D:4:      layout_cave_pools, lemuel_coloured_pillars_altar,
          minmay_temple_entry_wispy, gup_sewer_entry_bubbles, serial_shops,
          shop, bloody_makhleb, uniq_edmund
D:5:      layout_basic, marbit_many_paths, lemuel_crystal_altar,
          overflow_temple_1_default
Temple:   corrupted_temple

Skill      XL: |  1  2  3  4  5  6  7 |
---------------+----------------------+-----
Shields        | 1 2 |  2.5
Transmutations | 3 4 |  4.0
Spellcasting   | 3 |  3.9
Fighting       | 2 |  2.7
Dodging        | 3 |  3.2
Unarmed Combat | 4 |  4.0

Action                   |  1- 3 |  4- 6 |  7- 9 || total
-------------------------+-------+-------+-------++-------
Melee: Unarmed           |    13 |     8 |       ||    21
       Kick              |    16 |    26 |     5 ||    47
       Dagger            |    59 |   120 |    21 ||   200
       Constrict         |    22 |    43 |     6 ||    71
       Tentacles         |    14 |    22 |     5 ||    41
       Punch             |       |     1 |       ||     1
Throw: Stone             |     1 |       |       ||     1
       Dart              |     2 |     2 |       ||     4
 Cast: Beastly Appendage |    23 |    36 |     8 ||    67
       Spider Form       |       |     2 |       ||     2
       Magic Dart        |       |       |     4 ||     4
  Use: Scroll            |       |     9 |       ||     9
 Stab: Sleeping          |     2 |    11 |       ||    13
Armor: Skin              |     9 |     3 |       ||    12
Dodge: Dodged            |    30 |    68 |    15 ||   113
Block: Buckler           |     8 |    13 |    10 ||    31

Table legend: (Time is in decaauts)
 A = Elapsed time spent in this place.
 B = Non-inter-level travel time spent in this place.
 C = Inter-level travel time spent in this place.
 D = Time resting spent in this place.
 E = Time spent auto-exploring this place.
 F = Levels seen in this place.
 G = Mean time per level.
                   A        B        C        D        E       F      G
               +--------+--------+--------+--------+--------+-----+--------+
         Total |   8027 |   7878 |    149 |   2425 |   2125 |   6 | 1337.8 |
       Dungeon |   7967 |   7818 |    149 |   2425 |   2102 |   5 | 1593.4 |
        Temple |     59 |     59 |      0 |      0 |     23 |   1 |   59.0 |
               +--------+--------+--------+--------+--------+-----+--------+

Top non-repeatable levels by time:
     D:1: 2936 daAuts
     D:3: 1811 daAuts
     D:2: 1332 daAuts
     D:5: 951 daAuts
     D:4: 935 daAuts
  Temple: 59 daAuts
